AoeStats
← _YuX_

Glade

510407700Analyzed
1v1 RM · 22h ago on Sep 30, 2026· 27m 1s· 2 players
Game mode
Random Map
Map size
Tiny (2 player)
Population
200
Speed
Normal
Resources
Standard
Victory
Conquest
Starting age
Dark Age
Ending age
Imperial Age
RankedLock teamsTeams togetherTeam positionsShared explorationLock speedFull tech treeHidden civsTurbo modeCheats
Victory
Defeat
🇦🇷 Vikings · Argentina
1436
+17
🇨🇦 Danes · Canada
1459
-17
_YuX_
10:20 Feudal Age
10:43 Loom
15:17 Castle Age
14:08 Double-Bit Axe
14:18 Horse Collar
14:49 Scale Mail Armor
18:43 Chain Mail Armor
19:55 Arson
20:52 Horse Collar
24:10 Forging
pppni
8:50 Feudal Age
8:59 Man-at-Arms
10:27 Arson
10:54 Loom
14:37 Stone Mining
14:35 Double-Bit Axe
21:04 Castle Age
19:49 Gold Mining
20:18 Forging
20:37 Scale Mail Armor
22:33 Iron Casting
24:12 Gambesons
27:32 Squires
Connection lost

Rejoining the realm…

Still unreachable

The connection could not be restored.

Session expired

The server has moved on; the page needs a fresh start.